 Dungeon Crawl Stone Soup version 0.27.0-1-g7a089689b8 (webtiles) character file.

Game seed: 17993548649130227515

72 Demosthentine the Poker (level 4, -1/35 HPs)
             Began as a Merfolk Gladiator on Aug 2, 2021.
             Slain by a phantom (3 damage)
             ... on level 3 of the Dungeon.
             The game lasted 00:01:55 (2668 turns).

Demosthentine the Poker (Merfolk Gladiator)         Turns: 2668, Time: 00:01:56

Health: -1/35      AC: 10    Str: 15    XL:     4   Next: 26%
Magic:  4/4        EV: 13    Int:  7    God:
Gold:   91         SH:  0    Dex: 15    Spells: 3/3 levels left

rFire    + . .     SeeInvis .   a - +0 trident
rCold    . . .     Faith    .   (no shield)
rNeg     . . .     Spirit   .   e - +2 leather armour {rF+}
rPois    .         Reflect  .   c - +1 helmet
rElec    .         Harm     .   (no cloak)
rCorr    .         Rampage  .   n - +2 pair of gloves {Stlth+}
Will     .....                  (no boots)
Stlth    ++........             (no amulet)
HPRegen  0.11/turn              (no ring)
MPRegen  0.09/turn              (no ring)

@: brilliant
A: (nimble swimmer 2), mertail
a: no special abilities


You were on level 3 of the Dungeon.
You visited 1 branch of the dungeon, and saw 3 of its levels.

You collected 91 gold pieces.

Inventory:

Hand Weapons
 a - a +0 trident (weapon)
Missiles
 d - 3 throwing nets (quivered)
Armour
 c - a +1 helmet (worn)
 e - a +2 leather armour of fire resistance (worn)
 n - a +2 pair of gloves of stealth (worn)
Scrolls
 b - a scroll of identify
 g - a scroll of blinking {unknown}
 m - a scroll of amnesia {unknown}
 p - a scroll of teleportation
Potions
 f - a potion of cancellation
 h - a potion of mutation
 i - a potion of brilliance
 j - a potion of invisibility
 k - a potion of lignification {unknown}
 l - 2 potions of might {unknown}
 o - a potion of heal wounds {unknown}


   Skills:
 + Level 3.0 Fighting
 + Level 5.2 Polearms
 - Level 2.0 Throwing
 + Level 1.1 Armour
 + Level 4.7 Dodging


You had 3 spell levels left.
You didn't know any spells.
Your spell library contained the following spells:

 Spells                   Type           Power      Damage    Failure   Level
 Slow                     Hex            0%         N/A       65%         2
 Confusing Touch          Hex            0%         N/A       86%         3
 Inner Flame              Hex/Fire       0%         N/A       86%         3
 Cause Fear               Hex            0%         N/A       99%         4
 Yara's Violent Unravell  Hex/Tmut       0%         3d3       100%        5
 Discord                  Hex            0%         N/A       100%        8


Dungeon Overview and Level Annotations

Branches:
Dungeon (3/15)

Altars:
Sif Muna
Wu Jian
The Shining One


Innate Abilities, Weirdness & Mutations

((You are quick and stealthy near water. (Stealth+, EV+, Speed+++)))
Your lower body shifts to a powerful aquatic tail in water.


Message History

The phantom hits you.
The phantom blinks!
You blink.
You closely miss the phantom.
The phantom is moderately damaged.
The phantom hits you but does no damage.
You hit the phantom.
The phantom is heavily damaged.
The phantom hits you but does no damage.
You hit the phantom.
The phantom is heavily damaged.
The phantom hits you.
The phantom blinks!
You blink.
Found 17 gold pieces.
You puncture the phantom!
The phantom is severely damaged.
The phantom hits you but does no damage.
You closely miss the phantom.
The phantom is severely damaged.
The phantom hits you!
The phantom blinks!
You blink.
A hobgoblin comes into view.
You are too injured to fight recklessly!
You are too injured to fight recklessly!
You are too injured to fight recklessly!
You are too injured to fight recklessly!
Unknown command.
You closely miss the phantom.
The phantom is severely damaged.
The phantom hits you!
* * * LOW HITPOINT WARNING * * *
You miss the phantom.
The phantom is severely damaged.
The phantom barely misses you.
Unknown command.
You barely miss the phantom.
The phantom is severely damaged.
The hobgoblin shouts!
The phantom hits you.
* * * LOW HITPOINT WARNING * * *
It was a potion of brilliance.
You feel clever all of a sudden. The phantom hits you.
You die...

## .# .... .### #+#
... ...### ##.##
.g.
##...#####...##..##
####.#.##.....##..#
...........♣...+..#
..###..###...###..#
### ##.#.#...#..@.#
#...#.>.#..W.#
#...#...#$..##
######.###.§.###.#
....##.+...♣..)'.#
###.#####.....####
#...## ##...##
#.#..######.###
._........#'#.###


You could see a phantom and a hobgoblin.

Vanquished Creatures
  5 dart slugs
  8 bats
  9 endoplasms
  4 giant cockroaches
  5 hobgoblins
  4 quokkas
  2 ball pythons
  3 frilled lizards
  8 goblins
  5 kobolds
  A rat (D:1)
54 creatures vanquished.

Notes
Turn   | Place    | Note
-------+----------+-------------------------------------------
     0 | D:1      | Demosthentine the Merfolk Gladiator began the quest for the
                  | Orb.
     0 | D:1      | Reached XP level 1. HP: 16/16 MP: 1/1
   136 | D:1      | Reached XP level 2. HP: 21/23 MP: 2/2
   553 | D:1      | Reached XP level 3. HP: 25/28 MP: 3/3
   816 | D:2      | Found a faded altar of an unknown god.
   884 | D:2      | Reached skill level 5 in Polearms
  1400 | D:2      | Reached skill level 1 in Armour
  2037 | D:3      | Reached XP level 4. HP: 27/34 MP: 4/4
  2138 | D:3      | Found a shimmering blue altar of Sif Muna.
  2279 | D:3      | Found a glowing golden altar of the Shining One.
  2600 | D:3      | Found an ornate altar of the Wu Jian Council.
  2650 | D:3      | Noticed a phantom
  2668 | D:3      | Slain by a phantom

Illustrated notes

Levels and vault maps discovered:
D:1:      mrwooster_arrival_statue_2, layout_basic
D:2:      layout_basic, hellmonk_ecumenical_altar_lost_god,
          minmay_pentomino_pile
D:3:      layout_rooms, mainiacjoe_overflow_brackets, marbit_many_paths,
          lemuel_crystal_altar, grunt_ministairs_15

Skill      XL: |  1  2  3  4 |
---------------+-------------+-----
Polearms       | 5 |  5.2
Armour         | 1 |  1.1
Fighting       | 3 |  3.0
Throwing       | |  2.0
Dodging        | |  4.7

Action                   |  1- 3 |  4- 6 || total
-------------------------+-------+-------++-------
Melee: Trident           |   117 |    39 ||   156
  Use: Scroll            |     8 |       ||     8
       Potion            |       |     1 ||     1
 Stab: Sleeping          |     6 |     3 ||     9
Armor: Leather armour    |    30 |    12 ||    42
Dodge: Dodged            |    63 |     9 ||    72
